 Dungeon Crawl Stone Soup version 0.31.0-12-g77e489cdc1 (webtiles) character file.

Game seed: 6127670114731634294

251932 monsoonserge the Crack Shot (level 18, -30/130 (153) HPs)
             Began as a Formicid Hexslinger on Feb 20, 2024.
             Was the Champion of Ru.
             Killed from afar by Jory (66 damage)
             ... with a crystal spear
             ... on level 2 of the Vaults.
             The game lasted 03:47:14 (45549 turns).

monsoonserge the Crack Shot (Formicid Hexslinger)  Turns: 45549, Time: 03:47:14

HP:   -30/130 (153) AC: 11    Str: 14    XL:     18   Next: 47%
MP:   20/28         EV: 17    Int: 19    God:    Ru [******]
Gold: 3413          SH: 16    Dex: 18    Spells: 6/31 levels left

rFire   + . .        z - +0 triple crossbow (freeze)
rCold   + . .        G - +2 kite shield {rF+}
rNeg    . . .        C - +0 steam dragon scales
rPois   +            (helmet unavailable)
rElec   .            D - +0 cloak {rPois}
rCorr   .            E - +3 pair of gloves of the Mind {rC+}
SInv    +            q - +0 pair of boots
Will    +++..        H - necklace of Bloodlust {Fury *Rage Will++ Int-3 Slay+6}
Stlth   +++          f - +4 ring of slaying
HPRegen 0.41/turn    i - +6 ring of intelligence
MPRegen 0.21/turn

%: no passive effects
@: exhausted, heavily drained
A: permanent stasis, dig shafts and tunnels, antennae 3, clumsy 1, inability to
read after injury 2, inability to train armour, inexperienced 2, four strong
arms, no forms
}: 2/15 runes: decaying, serpentine
a: Dig, Shaft Self, Renounce Religion, Draw Out Power, Power Leap, Apocalypse


You were on level 2 of the Vaults.
You worshipped Ru.
Ru was exalted by your worship.
You visited 8 branches of the dungeon, and saw 34 of its levels.

You collected 4061 gold pieces.
You spent 648 gold pieces at shops.

Inventory:

Hand Weapons
 z - a +0 triple crossbow of freezing (weapon)
Missiles
 Q - 3 throwing nets
 V - 3 silver javelins
Armour
 q - a +0 pair of boots (worn)
 y - a +0 kite shield of positive energy
 C - +0 steam dragon scales (worn)
 D - a +0 cloak of poison resistance (worn)
 E - the +3 pair of gloves of the Mind (worn) {rC+}
   (You took it off Nikola on level 1 of the Vaults)

   rC+:       It protects you from cold.
 G - a +2 kite shield of fire resistance (worn)
 J - a +0 tower shield of reflection
 M - +0 swamp dragon scales
 Z - the +0 kite shield "Haoddo Monu" {rElec rPois rN+ Dex-3}
   (You found it on level 4 of the Lair of Beasts)

   Dex-3:     It affects your dexterity (-3).
   rElec:     It insulates you from electricity.
   rPois:     It protects you from poison rN+: It protects you from negative
   energy.
Jewellery
 b - a ring of resist corrosion
 e - a ring of protection from fire
 f - a +4 ring of slaying (left hand)
 i - a +6 ring of intelligence (right hand)
 j - the ring of Giniph {Fire Dex+5 Stlth+}
   (You found it on level 2 of the Swamp)

   [ring of fire]

   Fire:      It enhances your fire magic.
   Dex+5:     It affects your dexterity (+5).
   rF+:       It protects you from fire.
   rC-:       It makes you vulnerable to cold.
   Stlth+:    It makes you more stealthy.
 l - an amulet of reflection
 s - a ring of protection from fire
 H - the necklace of Bloodlust (around neck) {Fury *Rage Will++ Int-3 Slay+6}
   (You found it on level 13 of the Dungeon)

   [amulet of nothing]

   Fury:      It extends the wearer's berserk rage when killing foes.
   Int-3:     It affects your intelligence (-3).
   Slay+6:    It affects your accuracy & damage with ranged weapons and melee
   (+6).
   Will++:    It greatly increases your willpower.
   *Rage:     It berserks you when you make melee attacks (+50% chance).
 K - a +4 ring of slaying
 O - a ring of flight
 X - a +5 ring of evasion
Wands
 c - a wand of digging (2)
 m - a wand of flame (23)
 F - a wand of polymorph (27)
 L - a wand of paralysis (24)
 N - a wand of mindburst (38)
 P - a wand of quicksilver (22)
 R - a wand of iceblast (20)
Scrolls
 d - 8 scrolls of vulnerability
 g - 4 scrolls of enchant weapon
 h - a scroll of poison
 k - 6 scrolls of fog
 o - 8 scrolls of amnesia
 p - 2 scrolls of enchant armour
 r - 2 scrolls of brand weapon
 t - 2 scrolls of torment
 v - 2 scrolls of butterflies
 B - 5 scrolls of fear
 I - 3 scrolls of revelation
 T - 5 scrolls of immolation
 U - 7 scrolls of identify
Potions
 a - 3 potions of magic
 n - 9 potions of mutation
 u - 17 potions of curing
 w - a potion of ambrosia
 x - 4 potions of resistance
 A - 3 potions of enlightenment
 W - 2 potions of invisibility
 Y - 2 potions of cancellation
Miscellaneous
 S - a lightning rod (1/4)


   Skills:
 + Level 16.7 Fighting
 + Level 22.3 Ranged Weapons
 + Level 10.0 Dodging
 + Level 4.2 Stealth
 * Level 14.6 Shields
 + Level 0.1 Unarmed Combat
 - Level 7.0 Spellcasting
 * Level 13.4 Hexes
 - Level 4.0 Translocations
 - Level 3.0 Fire Magic
 + Level 9.1 Alchemy
 + Level 5.3 Evocations


You had 6 spell levels left.
You knew the following spells:

 Your Spells              Type           Power      Damage    Failure   Level
a - Jinxbite              Hex            100%       N/A       1%          2
b - Inner Flame           Hex/Fire       37%        N/A       1%          3
c - Cause Fear            Hex            27%        N/A       1%          4
d - Dimensional Bullseye  Hex/Tloc       19%        N/A       5%          4
e - Yara's Violent Unrav  Hex/Alch       24%        3d11      4%          5
f - Olgreb's Toxic Radia  Alch           41%        N/A       4%          4
g - Tukima's Dance        Hex            55%        N/A       1%          3

Your spell library contained the following spells:

 Spells                   Type           Power      Damage    Failure   Level
 Sigil of Binding         Hex            55%        N/A       1%          3
 Sting                    Conj/Alch      96%        1d9       2%          1
 Apportation              Tloc           42%        N/A       3%          1
 Mercury Vapours          Alch/Air       48%        N/A       4%          2
 Lesser Beckoning         Tloc           42%        N/A       5%          2
 Cigotuvi's Dreadful Rot  Necr/Alch/Air  36%        N/A       9%          2
 Gell's Gravitas          Tloc           21%        N/A       11%         3
 Teleport Other           Tloc           21%        N/A       11%         3
 Volatile Blastmotes      Fire/Tloc      38%        2d13      13%         3
 Magic Dart               Conj           24%        1d4       19%         1
 Necrotise                Necr           24%        1d5       19%         1
 Sandblast                Erth           12%        2d6       19%         1
 Shock                    Conj/Air       24%        1d4       19%         1
 Summon Small Mammal      Summ           24%        N/A       19%         1
 Call Imp                 Summ           12%        N/A       28%         2
 Static Discharge         Conj/Air       12%        3-4/arc   28%         2
 Sublimation of Blood     Necr           6%         N/A       28%         2
 Fulminant Prism          Conj/Alch      12%        3d8       28%         4
 Petrify                  Alch/Erth      24%        N/A       28%         4
 Passage of Golubria      Tloc           21%        N/A       34%         4
 Call Canine Familiar     Summ           6%         N/A       50%         3
 Hailstorm                Conj/Ice       6%         3d5       50%         3
 Passwall                 Erth           6%         N/A       50%         3
 Stone Arrow              Conj/Erth      12%        3d7       50%         3
 Summon Ice Beast         Ice/Summ       6%         N/A       50%         3
 Irradiate                Conj/Alch      12%        3d15      61%         5
 Iskenderun's Mystic Bla  Conj/Tloc      14%        2d5       63%         4
 Summon Blazeheart Golem  Fire/Summ      12%        N/A       69%         4
 Airstrike                Air            3%         2d(1-17)  88%         4
 Animate Armour           Summ/Erth      12%        N/A       88%         4
 Animate Dead             Necr           6%         N/A       88%         4
 Brom's Barrelling Bould  Conj/Erth      6%         2d3       88%         4
 Dispel Undead            Necr           6%         3d8       88%         4
 Martyr's Knell           Necr/Summ      6%         N/A       88%         4
 Summon Lightning Spire   Summ/Air       6%         N/A       88%         4
 Lee's Rapid Deconstruct  Erth           3%         3d5*      99%         5
 Sculpt Simulacrum        Ice/Alch       12%        N/A       99%         6
 Death Channel            Necr           3%         N/A       100%        6
 Discord                  Hex            27%        N/A       99%         8
 Haunt                    Necr/Summ      3%         N/A       100%        7
 Ozocubu's Refrigeration  Ice            3%         4d8       100%        7
 Summon Hydra             Summ           3%         N/A       100%        7
 Ignition                 Fire           9%         3d5       100%        8
 Infestation              Necr           3%         N/A       100%        8
 Blink                    Tloc           Unusable   N/A       N/A         2
 Swiftness                Air            Unusable   N/A       N/A         3

Dungeon Overview and Level Annotations

Branches:
Dungeon (15/15)            Temple (1/1) D:7            Lair (5/5) D:9
  Swamp (4/4) Lair:2        Snake (4/4) Lair:3        Slime (0/5) Lair:4
    Orc (2/2) D:9             Elf (1/3) Orc:2        Vaults (2/5) D:14
 Depths (0/4) D:15
  Crypt: Vaults:2-3

Altars:
Ashenzari
Cheibriados
Dithmenos
Elyvilon
Fedhas
Gozag
Hepliaklqana
Kikubaaqudgha
Makhleb
Nemelex Xobeh
Okawaru
Qazlal
Ru
Sif Muna
Trog
Uskayaw
Vehumet
Wu Jian
Xom
Yredelemnul
Zin
The Shining One
Jiyva

Shops:
D:15 *   Orc:1 :   Orc:2 [([:   Snake:1 ((*   Snake:2 [

Portals:
Abyss: Lair:2

Annotations:
D:12 1 transporter
Swamp:4 3 runed translucent doors, ezpacito's ghost, adept DsBe
Vaults:2 Jory


Innate Abilities, Weirdness & Mutations

You cannot be hasted, slowed, berserked, paralysed or teleported.
You can dig through walls and to a lower floor.
You have a pair of large antennae on your head. (SInv)
You are clumsy. (Dex -2)
You sometimes lose the ability to read scrolls when taking damage.
You cannot train Armour skill.
You are inexperienced. (-2 XL)
Your four strong arms can wield two-handed weapons with a shield.
You cannot voluntarily change form.


Message History

Okay, then.
Okay, then.
Aiming: Mindburst
Press: ? - help, Shift-Dir - straight line, f - Jory
Aim: Jory, wielding a +3 glaive of pain and wearing a +3 chain mail of cold resistance (heavily damaged, chance to affect: 0%)
Okay, then.
Casting: Cause Fear (mildly dangerous; 1% risk of failure)
Confirm with . or Enter, or press ? or * to list all spells.
Okay, then.
Casting: Cause Fear (mildly dangerous; 1% risk of failure)
Confirm with . or Enter, or press ? or * to list all spells.
You don't know that spell.
Casting: Cause Fear (mildly dangerous; 1% risk of failure)
Confirm with . or Enter, or press ? or * to list all spells.
Aiming: Tukima's Dance (safe; 1% risk of failure)
Press: ? - help, Shift-Dir - straight line, f - Jory
Aim: Jory, wielding a +3 glaive of pain and wearing a +3 chain mail of cold resistance (heavily damaged, chance to affect: 0%)
Okay, then.
Casting: Tukima's Dance (safe; 1% risk of failure)
Confirm with . or Enter, or press ? or * to list all spells.
Okay, then.
Casting: Tukima's Dance (safe; 1% risk of failure)
Confirm with . or Enter, or press ? or * to list all spells.
Casting: Cause Fear (mildly dangerous; 1% risk of failure)
Press: ? - help, Dir - look around, f - activate Look: Jory, wielding a +3 glaive of pain and wearing a +3 chain mail of cold resistance (heavily damaged, not susceptible)
Okay, then.
Unknown command.
Okay, then.
Press: ? - help, v - describe, . - travel
Here: Jory, wielding a +3 glaive of pain and wearing a +3 chain mail of cold resistance (heavily damaged)
The floor, spattered with blood.
Unknown command.
Okay, then.
Okay, then.
Jory casts a spell at you. The crystal spear hits you!!!
Ouch! That really hurt!
You die...
Jory screams, "Yes, yes!"

..........##########...
......................
......................
....#########.........
....# #......## ....#
#......# ....# #....[.#
....# #...V..# ....#
#...@..# ....# +......#
....## #..$...#
........ .........#
...................+
..#########+###...^#
..# #....# ..# #....#
..# #.....


You could see Jory.

Vanquished Creatures
  Bai Suzhen (Swamp:3)
  Nikola (Vaults:1)
  Jorgrun (Swamp:3)
  A tentacled monstrosity (Swamp:4)
  A thorn hunter (Swamp:2)
  Kirke (Lair:4)
  Donald (Swamp:4)
  Roxanne (Swamp:1)
  A fenstrider witch (Swamp:2)
  6 nagarajas
  A ghoul (Swamp:2)
  3 vault wardens
  2 ironbound preservers
  2 ironbound thunderhulks
  5 eleionomae
  A stone giant (Vaults:1)
  3 dire elephants (Vaults:2)
  A war gargoyle (Vaults:1)
  4 bunyips
  3 fire dragons (Swamp:4)
  2 salamander tyrants (Snake:4)
  A yaktaur captain (Vaults:2)
  3 great orbs of eyes
  2 vault guards
  Erolcha (D:9)
  Harold (D:10)
  4 catoblepae
  2 ironbound frosthearts (Vaults:2)
  17 hydras
  An ogre mage (D:15)
  12 ghost crabs
  3 centaur warriors
  The ghost of Zeo the Marksfrog, a journeyman BaHu of Hepliaklqana (Lair:2)
  9 two-headed ogres
  13 anacondas
  4 boulder beetles
  4 alligators
  A death knight (D:14)
  A tengu warrior (D:14)
  A deep troll earth mage (Vaults:1)
  A dancing weapon (Elf:1)
  A deep troll shaman (D:13)
  7 death yaks
  10 naga sharpshooters
  11 naga warriors
  5 shock serpents
  3 salamander mystics
  A sun demon (Lair:2)
  Lodul (D:10)
  4 spriggan druids
  2 arcanists
  5 goliath frogs
  13 bog bodies
  6 mana vipers
  10 swamp dragons
  6 ironbound convokers
  6 naga ritualists
  4 deep trolls (D:13)
  A phantasmal warrior (Vaults:1)
  Pikel (Temple)
  A death drake (Swamp:2)
  4 deep elf archers
  2 glowing orange brains (Vaults:1)
  8 deep elf pyromancers
  A deep elf zephyrmancer (Elf:1)
  15 lindwurms
  4 orc knights (Orc:2)
  31 ugly things
  8 cyclopes
  An orc sorcerer (Orc:1)
  11 will-o-the-wisps
  2 oklob plants
  4 salamanders
  4 manticores
  3 guardian serpents
  3 meliai (D:15)
  23 elephants
  2 kobold blastminers (Orc:2)
  Joseph (D:8)
  24 black mambas
  8 vault sentinels
  A molten gargoyle (Swamp:4)
  22 naga magi
  A rust devil (Lair:2)
  A gargoyle (D:13)
  4 unseen horror zombies (D:9)
  5 cane toads
  6 komodo dragons
  A freezing wraith (Vaults:1)
  A kobold demonologist (D:13)
  2 efreet
  A tengu conjurer (D:14)
  13 yaktaurs (Vaults:1)
  Psyche (D:9)
  An ancient zyme (Lair:2)
  2 polar bears
  10 trolls
  5 bloated husks
  A troll (shapeshifter) (Lair:2)
  5 hornets
  9 tyrant leeches
  A tarantella (shapeshifter) (D:15)
  13 blink frogs
  6 dream sheep (Lair:5)
  26 slime creatures
  Sigmund (D:4)
  A shadow (D:11)
  5 vampires
  41 yaks
  A water elemental (Elf:1)
  3 wraiths
  4 hogs
  4 basilisks
  6 spriggans
  6 wyverns
  Grum (D:9)
  3 steam dragons
  A hog (shapeshifter) (D:14)
  17 vampire mosquitoes
  29 nagas
  22 swamp worms
  A naga (shapeshifter) (D:15)
  14 water moccasins
  Duvessa (D:7)
  2 hell hounds (D:9)
  3 sky beasts
  28 orc warriors
  2 meliai simulacra (D:15)
  7 swamp drakes
  8 black bears
  15 ogres
  29 wolves
  14 centaurs
  2 kobold brigands
  13 bullfrogs
  A scorpion (Lair:1)
  6 wights
  Dowan (D:7)
  A troll zombie (Swamp:2)
  16 killer bees
  6 electric eels
  A troll skeleton (Swamp:2)
  A bombardier beetle (D:7)
  3 howler monkeys
  A lava snake (Swamp:4)
  5 jellies
  3 gnoll boudas
  9 orc priests
  5 hounds
  A sleepcap (D:7)
  2 iguanas (D:5)
  12 orc wizards
  5 hell rats (Lair:5)
  15 gnolls
  4 adders
  3 white imps
  2 dart slugs
  4 ribbon worms
  47 orcs
  4 bats
  7 endoplasms
  3 giant cockroaches
  6 goblins
  7 hobgoblins
  6 quokkas
  5 ball pythons
  15 kobolds
  9 rats
1019 creatures vanquished.

Vanquished Creatures (others)
  The ghost of spaghetti the Conqueror, an adept OnCK of Xom (Vaults:1)
  An ogre mage (D:14)
  2 naga sharpshooters (Snake:4)
  A spriggan berserker (Swamp:2)
  A bog body (Swamp:2)
  An elephant (Lair:5)
  A kobold blastminer (Orc:2)
  2 bloated husks (Swamp:2)
  2 swamp drakes
  An orc wizard (Orc:2)
  19 foxfires
32 creatures vanquished.

Grand Total: 1051 creatures vanquished

Notes
Turn   | Place    | Note
-------+----------+-------------------------------------------
     0 | D:1      | monsoonserge the Formicid Hexslinger began the quest for
                  | the Orb.
     0 | D:1      | Reached XP level 1. HP: 15/15 MP: 2/2
    80 | D:1      | Reached XP level 2. HP: 21/21 MP: 3/3
    85 | D:1      | Learned a level 2 spell: Jinxbite
   382 | D:1      | Reached XP level 3. HP: 26/26 MP: 4/4
   901 | D:2      | Reached XP level 4. HP: 33/33 MP: 1/5
  1017 | D:2      | Reached skill level 3 in Ranged Weapons
  1892 | D:3      | Reached XP level 5. HP: 38/38 MP: 3/6
  2461 | D:3      | Reached skill level 4 in Ranged Weapons
  2594 | D:4      | Reached XP level 6. HP: 44/44 MP: 5/8
  2675 | D:4      | Noticed a black bear
  2681 | D:4      | Killed a black bear
  2682 | D:4      | Reached skill level 5 in Ranged Weapons
  2683 | D:4      | Noticed an ogre
  2695 | D:4      | Killed an ogre
  2696 | D:4      | Reached skill level 1 in Armour
  2696 | D:4      | Reached XP level 7. HP: 36/51 MP: 6/10
  2860 | D:4      | Reached skill level 5 in Hexes
  3381 | D:4      | Noticed Sigmund
  3415 | D:4      | Killed Sigmund
  3416 | D:4      | Reached skill level 6 in Ranged Weapons
  3621 | D:5      | Entered Level 5 of the Dungeon
  3684 | D:5      | Reached XP level 8. HP: 46/57 MP: 11/11
  3782 | D:5      | Reached skill level 7 in Ranged Weapons
  3976 | D:5      | Found a basalt altar of Yredelemnul.
  3976 | D:5      | Found an ornate altar of the Wu Jian Council.
  4340 | D:5      | Found a shadowy altar of Dithmenos.
  4497 | D:5      | Reached skill level 8 in Ranged Weapons
  4799 | D:5      | Learned a level 3 spell: Inner Flame
  4804 | D:5      | Learned a level 4 spell: Cause Fear
  4833 | D:6      | Reached XP level 9. HP: 64/64 MP: 9/12
  4870 | D:6      | Identified the +8 dagger "Eviscerator" {drain, rN+}
  5103 | D:6      | Reached skill level 9 in Ranged Weapons
  5308 | D:7      | Noticed Duvessa
  5308 | D:7      | Noticed Dowan
  5323 | D:7      | Killed Duvessa
  5329 | D:7      | Killed Dowan
  5590 | D:7      | Reached skill level 10 in Ranged Weapons
  5630 | D:7      | Reached XP level 10. HP: 30/72 MP: 3/13
  5770 | D:7      | Learned a level 4 spell: Dimensional Bullseye
  5858 | D:7      | Found a staircase to the Ecumenical Temple.
  5878 | D:7      | Noticed Pikel
  5885 | Temple   | Entered the Ecumenical Temple
  5896 | Temple   | Killed Pikel
  5897 | Temple   | Reached skill level 1 in Translocations
  5926 | Temple   | Became a worshipper of Ru the Awakened
  6299 | D:8      | Found a glowing silver altar of Zin.
  6315 | D:8      | Reached skill level 5 in Fighting
  6315 | D:8      | Reached skill level 1 in Stealth
  6406 | D:8      | Noticed Joseph
  6419 | D:8      | Killed Joseph
  6420 | D:8      | Reached skill level 11 in Ranged Weapons
  6716 | D:8      | Found a shimmering blue altar of Sif Muna.
  7126 | D:8      | Noticed a deep elf pyromancer
  7143 | D:8      | Reached skill level 1 in Shields
  7355 | D:7      | Killed a deep elf pyromancer
  7438 | D:8      | Reached XP level 11. HP: 67/81 MP: 15/15
  7783 | D:9      | Reached skill level 12 in Ranged Weapons
  8112 | D:8      | Gained mutation: You cannot train Armour skill. [Ru
                  | sacrifice]
  8112 | D:8      | Reached * piety under Ru
  8341 | D:9      | Found a staircase to the Orcish Mines.
  8425 | D:9      | Noticed Grum
  8430 | D:9      | Killed Grum
  8452 | D:9      | Noticed Erolcha
  8655 | D:9      | Found a staircase to the Lair.
  8676 | D:9      | Noticed a two-headed ogre
  8726 | D:8      | Reached skill level 1 in Evocations
  8920 | D:9      | Killed a two-headed ogre
  8921 | D:9      | Reached skill level 5 in Shields
  9103 | D:9      | Identified the maw talisman "Jihossoll" {Will++}
  9110 | D:9      | Found a hazy altar of Hepliaklqana.
  9129 | D:9      | Noticed Psyche
  9136 | D:9      | Killed Psyche
  9195 | D:10     | Entered Level 10 of the Dungeon
  9485 | D:10     | Reached skill level 13 in Ranged Weapons
  9490 | D:10     | Reached XP level 12. HP: 91/91 MP: 14/16
  9490 | D:10     | Noticed Lodul
 10072 | Lair:1   | Entered Level 1 of the Lair of Beasts
 10093 | D:9      | HP: 4/91 [poisoned by a black mamba]
 10205 | D:9      | Killed Erolcha
 10206 | D:9      | Reached skill level 5 in Dodging
 11153 | D:10     | Noticed Harold
 11773 | Lair:1   | Reached skill level 14 in Ranged Weapons
 11860 | Lair:1   | Gained mutation: You are clumsy. (Dex -2) [Ru sacrifice]
 11860 | Lair:1   | Reached ** piety under Ru
 12357 | Lair:2   | Noticed a boulder beetle
 12486 | Lair:2   | Killed a boulder beetle
 12718 | Lair:1   | Reached XP level 13. HP: 94/99 MP: 14/17
 12976 | D:10     | Killed Harold
 13938 | Lair:2   | Reached skill level 10 in Hexes
 13987 | Lair:2   | Found a transporter.
 14095 | Lair:2   | Noticed Zeo's ghost (journeyman BaHu)
 14096 | Lair:2   | Found a transporter.
 14099 | Lair:2   | Found a one-way gate to the infinite horrors of the Abyss.
 14352 | Lair:2   | Found a staircase to the Swamp.
 14541 | Lair:2   | Reached skill level 15 in Ranged Weapons
 14682 | Lair:3   | Found a staircase to the Snake Pit.
 14720 | Lair:3   | Gained mutation: You occasionally lose the ability to read
                  | scrolls when taking damage. [Ru sacrifice]
 14720 | Lair:3   | Gained mutation: You sometimes lose the ability to read
                  | scrolls when taking damage. [Ru sacrifice]
 14720 | Lair:3   | Reached *** piety under Ru
 15425 | Lair:3   | Noticed an eight-headed hydra
 15434 | Lair:3   | Killed an eight-headed hydra
 16028 | Lair:4   | Reached XP level 14. HP: 74/109 MP: 18/20
 16280 | Lair:4   | Noticed Kirke
 16376 | Orc:1    | Entered Level 1 of the Orcish Mines
 16443 | Orc:1    | Reached skill level 16 in Ranged Weapons
 16606 | Orc:1    | Found Ufanudgh's Book Emporium.
 16745 | Orc:2    | Entered Level 2 of the Orcish Mines
 16834 | Orc:2    | Reached skill level 10 in Fighting
 16954 | Orc:2    | Gained mutation: You cannot voluntarily change form. [Ru
                  | sacrifice]
 17757 | Orc:2    | Found a staircase to the Elven Halls.
 17897 | Orc:2    | Found Ogovait's Weapon Boutique.
 17897 | Orc:2    | Found Fuuliene's Antique Armour Emporium.
 17899 | Orc:2    | Found Zeoginti's Book Shoppe.
 17901 | Orc:2    | Found Yqueg's Antique Armour Shop.
 17917 | Orc:2    | Bought a heavily runed ring mail for 288 gold pieces
 17917 | Orc:2    | Identified the +1 ring mail of Loss {Regen+ Str+5 Dex-5
                  | SInv} (You bought it in a shop on level 2 of the Orcish
                  | Mines)
 18253 | D:10     | Killed Lodul
 18524 | D:12     | Learned a level 5 spell: Yara's Violent Unravelling
 18624 | D:12     | Noticed a tengu reaver
 18625 | D:12     | Found a transporter.
 18625 | D:12     | Noticed a deep elf annihilator
 18627 | D:12     | Found a shimmering blue altar of Sif Muna.
 18672 | D:12     | Reached skill level 1 in Alchemy
 19638 | D:13     | Gained mutation: You are somewhat inexperienced. (-1 XL)
                  | [Ru sacrifice]
 19638 | D:13     | Reached XP level 13. HP: 96/105 MP: 19/19
 19638 | D:13     | Reached **** piety under Ru
 19638 | D:13     | Reached ***** piety under Ru
 19742 | D:13     | Reached skill level 17 in Ranged Weapons
 20464 | D:13     | Reached XP level 14. HP: 94/113 MP: 20/20
 20517 | D:13     | Found the necklace of Bloodlust {Fury *Rage Will++ Int-3
                  | Slay+6}
 21448 | D:14     | Reached skill level 5 in Evocations
 21660 | D:14     | Reached skill level 5 in Spellcasting
 21797 | D:14     | Found a gate to the Vaults.
 21800 | D:14     | Noticed an ironbound preserver
 21811 | D:14     | Killed an ironbound preserver
 21812 | D:14     | Reached skill level 5 in Alchemy
 22005 | D:15     | Entered Level 15 of the Dungeon
 22320 | D:15     | Found Siulaewn's Neck Hole.
 22346 | D:15     | Found a shadowy altar of Dithmenos.
 22348 | D:15     | Found a shimmering altar of Xom.
 22348 | D:15     | Found a stormy altar of Qazlal.
 22350 | D:15     | Found an ornate altar of the Wu Jian Council.
 22350 | D:15     | Found a shimmering altar of Xom.
 22350 | D:15     | Found a white marble altar of Elyvilon.
 22762 | D:15     | Learned a level 4 spell: Olgreb's Toxic Radiance
 23323 | D:15     | Identified the +6 chain mail "Lyutul" {rPois rF+}
 23530 | D:15     | Reached skill level 18 in Ranged Weapons
 23530 | D:15     | Reached XP level 15. HP: 25/118 MP: 23/23
 23536 | D:15     | Gained mutation: You are inexperienced. (-2 XL) [Ru
                  | sacrifice]
 23536 | D:15     | Reached XP level 14. HP: 27/114 MP: 22/22
 23536 | D:15     | Reached ****** piety under Ru
 23770 | D:15     | Found a staircase to the Depths.
 24593 | Lair:4   | Identified the +0 kite shield "Haoddo Monu" {rElec rPois
                  | rN+ Dex-3}
 24727 | Lair:4   | Killed Kirke
 24938 | Lair:4   | Found a staircase to the Slime Pits.
 24939 | Lair:4   | Found a viscous altar of Jiyva.
 25275 | Lair:5   | Entered Level 5 of the Lair of Beasts
 26464 | Lair:5   | Reached skill level 10 in Shields
 27224 | Snake:1  | Entered Level 1 of the Snake Pit
 27475 | Snake:1  | Found Soriun's Weapon Emporium.
 27479 | Snake:1  | Found Xiofod's Antique Weapon Shoppe.
 27480 | Snake:1  | Found Bekhluse's General Store.
 27951 | Snake:1  | Bought a +0 triple crossbow of freezing for 360 gold pieces
 27991 | Snake:2  | Reached XP level 15. HP: 43/114 MP: 11/25
 28440 | Snake:2  | Identified the +9 rapier of Taxation {flame, Fly rN+ Str+2}
 29056 | Snake:2  | Found Xyatuc's Armour Shop.
 30943 | Snake:4  | Entered Level 4 of the Snake Pit
 31335 | Snake:4  | Found a transporter.
 31336 | Snake:4  | Found a transporter.
 31455 | Snake:4  | Found a transporter.
 31457 | Snake:4  | Found a transporter.
 31472 | Snake:4  | Found a transporter.
 31476 | Snake:4  | Found a transporter.
 31661 | Snake:4  | Reached skill level 19 in Ranged Weapons
 32186 | Snake:4  | Reached XP level 16. HP: 96/129 MP: 26/26
 32684 | Snake:4  | Got a serpentine rune of Zot
 32905 | Swamp:1  | Entered Level 1 of the Swamp
 33099 | Swamp:1  | Reached skill level 15 in Fighting
 33432 | Swamp:1  | Noticed Roxanne
 34566 | Lair:2   | Killed Zeo's ghost
 34958 | Swamp:2  | Reached skill level 20 in Ranged Weapons
 35615 | Swamp:2  | HP: 3/132 [spriggan rider/+0 spear (17)]
 36082 | Swamp:2  | Identified the staff "Nuitwuis" {^Contam rElec rPois rN+++
                  | Necro Air}
 36896 | Swamp:2  | Reached XP level 17. HP: 126/143 MP: 27/27
 37311 | Swamp:2  | Identified the ring of Giniph {Fire Dex+5 Stlth+}
 37335 | Swamp:2  | Identified the +0 leather armour of the Freezing Gods
                  | {Rampage rN+ Str-4}
 37930 | Swamp:3  | Noticed Bai Suzhen
 37946 | Swamp:3  | Killed Bai Suzhen
 38065 | Swamp:3  | Reached skill level 21 in Ranged Weapons
 38374 | Swamp:3  | Noticed Jorgrun
 38379 | Swamp:3  | Killed Jorgrun
 38632 | Swamp:4  | Entered Level 4 of the Swamp
 38632 | Swamp:4  | Noticed ezpacito's ghost (adept DsBe)
 38632 | Swamp:4  | Noticed Donald
 38632 | Swamp:4  | Found a runed translucent gate.
 38632 | Swamp:4  | Found a runed translucent gate.
 38636 | Swamp:4  | Killed Donald
 38639 | Swamp:4  | Found a runed translucent gate.
 38642 | Swamp:4  | Noticed a tentacled monstrosity
 38651 | Swamp:4  | Killed a tentacled monstrosity
 39678 | Swamp:4  | Learned a level 3 spell: Tukima's Dance
 40382 | Swamp:4  | Got a decaying rune of Zot
 40528 | Swamp:1  | Killed Roxanne
 40910 | Elf:1    | Entered Level 1 of the Elven Halls
 41797 | Vaults:1 | Entered Level 1 of the Vaults
 42235 | Vaults:1 | Identified the +3 pair of gloves of the Mind {rC+}
 42235 | Vaults:1 | Noticed Nikola
 42249 | Vaults:1 | Killed Nikola
 42370 | Vaults:1 | Reached XP level 18. HP: 87/142 MP: 28/28
 42485 | Vaults:1 | Reached skill level 22 in Ranged Weapons
 42849 | Vaults:1 | Found a runed translucent door.
 42849 | Vaults:1 | Noticed spaghetti's ghost (adept OnCK)
 43901 | Vaults:1 | Killed spaghetti's ghost
 44839 | Vaults:2 | Reached skill level 10 in Dodging
 45534 | Vaults:2 | Noticed Jory
 45549 | Vaults:2 | Killed from afar by Jory

Illustrated notes

Levels and vault maps discovered:
D:1:      saegor_arrival_under_anarchy, layout_basic, minmay_tree_intersection
D:2:      layout_loops_cross
D:3:      layout_basic
D:4:      layout_basic, nrook_mini_backslash, uniq_sigmund
D:5:      layout_loops_ring, amcnicky_altar_gilded,
          gammafunk_temple_overflow_wave
D:6:      layout_basic
D:7:      layout_rooms, minmay_temple_entry_water_ring, uniq_pikel, uniq_duvessa
D:8:      layout_rooms, mainiacjoe_overflow_surrounded_room, serial_library,
          serial_library_hellmonk_narrow_alcove,
          serial_library_hellmonk_hallway_a,
          serial_library_hellmonk_recessed_alcove,
          serial_library_hellmonk_octagon, serial_library_hellmonk_hallway_b,
          uniq_joseph
D:9:      lemuel_flame_loot_2, layout_gridville,
          worldfamousw_hep_ancestral_shrine, erik_lair_island, serial_undead,
          serial_undead_e, serial_undead_f, serial_undead_d, serial_undead_d,
          uniq_erolcha, uniq_psyche, uniq_grum
D:10:     layout_basic, uniq_lodul, uniq_harold
D:11:     layout_loops_cross
D:12:     gammafunk_sealed_library, layout_loops_corners,
          minmay_stone_trees_medium, nicolae_elevator_lobby_plus
D:13:     layout_roguey, hellmonk_guarded_unrand_vitality_bloodlust
D:14:     layout_small_grid, hellmonk_vaults_order_and_chaos
D:15:     gammafunk_enter_depths_forms, layout_stronghold, doesnt_xom_only_xom,
          nicolae_shop_sticking_my_neck_out
Temple:   sentei_temple_godly_chess
Lair:1:   layout_loops_ring, beast_lair_carwin_2, grunt_megastairs_5
Lair:2:   layout_misc_corridors, minmay_swamp_entry_worms,
          gammafunk_ghost_abyssal_escape, grunt_megastairs_3,
          infiniplex_staircase_pool
Lair:3:   layout_regular_city, minmay_snake_entry_guardpost_small,
          serial_bayou_shore_b, grunt_megastairs_1
Lair:4:   hellmonk_destroyed_diamonds, layout_small_grid, slime_entry_1,
          serial_bayou_shore_a, uniq_kirke
Lair:5:   evilmike_catoblepas_cave, layout_layer_cave, lemuel_fruit_tree,
          lemuel_fruit_fields
Swamp:1:  layout_falls_marsh, hangedman_swamp_blocks, uniq_roxanne
Swamp:2:  bobbens_index_wilting_gardens, layout_basic_swamp,
          nicolae_swamp_small_spring, cheibrodos_swamp_minitomb
Swamp:3:  nicolae_swamp_ascending_descending, layout_basic_swamp,
          evilmike_swamp_ruin_house_3, swamp_pool_1_2, uniq_jorgrun,
          uniq_bai_suzhen
Swamp:4:  swamp_fiery, layout_basic_swamp, gammafunk_ghost_hydra_chop,
          hangedman_swamp_lotus, uniq_donald
Snake:1:  layout_misc_corridors, nicolae_letterblocks [nicolae_letter_subblock,
          nicolae_letter_subblock, nicolae_letter_subblock,
          nicolae_letter_subblock, nicolae_letter_subblock,
          nicolae_letter_subblock, nicolae_letter_subblock,
          nicolae_letter_subblock, nicolae_letter_subblock,
          nicolae_letter_subblock, nicolae_letter_subblock,
          nicolae_letter_subblock, nicolae_letter_subblock,
          nicolae_letter_subblock, nicolae_letter_subblock,
          nicolae_letter_subblock, nicolae_letter_subblock,
          nicolae_letter_subblock, nicolae_letter_subblock,
          nicolae_letter_subblock, nicolae_letter_subblock,
          nicolae_letter_subblock, nicolae_letter_subblock,
          nicolae_letter_subblock, nicolae_letter_subblock], minmay_shop_star
Snake:2:  layout_rooms, serial_shops, shop
Snake:3:  layout_concentric_octagons, st_stairs_3
Snake:4:  snake_pit, layout_basic, serial_nicolae_subway,
          nicolae_sub_station_metal, nicolae_sub_station_stone,
          nicolae_sub_station_crystal
Orc:1:    layout_caves, serial_shops, nicolae_shop_back_alley_shop
Orc:2:    st_orc_rangers, layout_diamond_mine
Elf:1:    layout_geoelf_octagon, basic_altar, nicolae_elf_crossing_hall,
          minmay_elf_necromancy
Vaults:1: gammafunk_ghost_grave, dpeg_vaults_waves,
          nicolae_vaults_little_squares_3, vaults_dpeg_ring,
          ontoclasm_vaults_ring_small, hangedman_vaults_locks, v_misc_2,
          nicolae_vaults_tetromino_T_2, nicolae_vaults_stairing_the_circle,
          layout_vaults_omnicross, uniq_nikola
Vaults:2: nicolae_vaults_storage_closets_3, nicolae_vaults_tangram_1,
          nicolae_vaults_shrinking_rooms_2, ontoclasm_vaults_eye,
          ontoclasm_vaults_ligature, hangedman_vaults_trim,
          nicolae_vaults_trapezoid_2, nicolae_vaults_tetromino_T_2,
          nicolae_vaults_enemy_cabinets, nicolae_vaults_double_plus_1,
          nicolae_vaults_variable_pillar_hall, nicolae_vaults_border_crossing,
          layout_vaults_chaotic_city, serial_shops, bzr_in_the_mist, uniq_jory

Skill      XL: |  1  2  3  4  5  6  7  8  9 10 11 12 13 14 15 16 17 18 |
---------------+-------------------------------------------------------+-----
Hexes          | 4 5 6 7 8 9 11 12 13 | 13.4
Dodging        | 2 3 4 5 6 8 9 10 | 10.0
Ranged Weapons | 3 4 5 6 8 10 11 13 14 17 18 19 20 21 22 | 22.3
Fighting       | 2 3 4 5 7 8 11 13 14 15 16 | 16.7
Armour         | 1 2 3 0 |  0.0
Spellcasting   | 2 3 4 7 |  7.0
Fire Magic     | 2 3 |  3.0
Translocations | 2 3 4 |  4.0
Stealth        | 1 2 3 4 |  4.2
Shields        | 2 5 7 8 11 13 14 | 14.6
Evocations     | 2 4 5 |  5.3
Alchemy        | 3 8 9 |  9.1
Unarmed Combat | |  0.1

Action                     |  1- 3 |  4- 6 |  7- 9 | 10-12 | 13-15 | 16-18 || total
---------------------------+-------+-------+-------+-------+-------+-------++-------
  Melee: Dagger            |       |       |    16 |     2 |       |       ||    18
         Unarmed           |       |       |       |     2 |       |       ||     2
         Longbow           |       |       |       |       |     1 |       ||     1
   Fire: Sling             |    89 |   104 |   199 |       |       |       ||   392
         Orcbow            |       |       |    86 |   660 |   112 |       ||   858
         Longbow           |       |       |       |       |   487 |       ||   487
         Arbalest          |       |       |       |       |   675 |       ||   675
         Triple crossbow   |       |       |       |       |   302 |   857 ||  1159
   Cast: Jinxbite          |     2 |    11 |    31 |    58 |    61 |       ||   163
         Cause Fear        |       |       |     1 |     5 |    16 |    15 ||    37
         Inner Flame       |       |       |     1 |     2 |    14 |     1 ||    18
         Dimensional Bulls |       |       |       |       |     7 |     1 ||     8
         Olgreb's Toxic Ra |       |       |       |       |     6 |     9 ||    15
         Yara's Violent Un |       |       |       |       |     1 |     3 ||     4
 Invoke: Sacrifice Durabil |       |       |       |     1 |       |       ||     1
         Sacrifice Purity  |       |       |       |     1 |       |       ||     1
         Sacrifice Experie |       |       |       |       |     2 |       ||     2
         Sacrifice Words   |       |       |       |       |     1 |       ||     1
         Apocalypse        |       |       |       |       |     8 |     8 ||    16
         Draw Out Power    |       |       |       |       |     1 |       ||     1
         Sacrifice Forms   |       |       |       |       |     1 |       ||     1
         Power Leap        |       |       |       |       |     1 |       ||     1
Ability: Dig               |     2 |       |       |       |       |       ||     2
         Shaft Self        |       |       |       |       |       |     1 ||     1
  Evoke: Wand              |       |       |       |     5 |     1 |     4 ||    10
         Lightning rod     |       |       |       |       |     4 |     4 ||     8
    Use: Scroll            |       |     4 |     6 |     5 |     8 |     4 ||    27
         Potion            |       |       |     4 |       |     3 |     1 ||     8
 Armour: Robe              |     5 |       |       |       |       |       ||     5
         Ring mail         |    19 |    44 |    80 |       |       |       ||   143
         Steam dragon scal |       |       |    52 |   258 |   429 |   311 ||  1050
         Skin              |       |       |       |     1 |       |       ||     1
  Dodge: Dodged            |    35 |    24 |   138 |   202 |   365 |   174 ||   938
  Block: Buckler           |       |       |       |   117 |   239 |       ||   356
         Reflection        |       |       |       |       |    42 |       ||    42
         Kite shield       |       |       |       |       |   127 |   214 ||   341
